 Dungeon Sprint DCSS version 0.30-a0-870-gc5d4c5acee (webtiles) character file.

Game seed: 12058453397108629957

0 rocky1 the Sneak (level 1, -2/11 HPs)
             Began as a Vine Stalker Brigand on Mar 12, 2023.
             Slain by a river rat (5 damage)
             ... in the Dungeon (Sprint IV: "Fedhas' Mad Dash").
             The game lasted 00:00:17 (21 turns).

rocky1 the Sneak (Vine Stalker Brigand)               Turns: 21, Time: 00:00:17

Health: -2/11      AC:  3    Str: 13    XL:     1   Next: 0%
Magic:  0/2        EV: 11    Int: 11    God:
Gold:   0          SH:  0    Dex: 15    Spells: 0/0 levels left

rFire   . . .      SeeInvis .    a - +2 dagger
rCold   . . .      Faith    .    (no shield)
rNeg    . . .      Spirit   +    b - +0 robe
rPois   .          Reflect  .    (no helmet)
rElec   .          Rampage  .    c - +0 cloak
rCorr   .          NoTele   +    (no gloves)
Will    .....                    (no boots)
Stlth   +++                      (no amulet)
HPRegen 0.21/turn                (no ring)
MPRegen 0.08/turn                (no ring)

@: no status effects
A: fangs 2, magic shield, antimagic bite, no potion heal 2
a: no special abilities


You were in the Dungeon.
You visited 1 branch

Inventory:

Hand Weapons
 a - a +2 dagger (weapon)
Missiles
 d - 9 poisoned darts (quivered)
 e - 3 curare-tipped darts
Armour
 b - a +0 robe (worn)
 c - a +0 cloak (worn)
Scrolls
 j - a scroll of blinking
Potions
 f - a potion of curing
 g - a potion of haste
 h - 2 potions of magic
 i - a potion of berserk rage


   Skills:
 + Level 1.7 Fighting
 + Level 1.7 Short Blades
 - Level 1.7 Throwing
 - Level 0.7 Dodging
 * Level 4.8 Stealth


You couldn't memorise any spells.
You didn't know any spells.
Your spell library was empty.

Dungeon Overview and Level Annotations

Branches:
Dungeon (1/1)

Altars:


Innate Abilities, Weirdness & Mutations

You have extremely sharp teeth.
When hurt, damage is shared between your health and your magic reserves.
Your bite disrupts and absorbs the magic of your enemies.
Potions cannot restore your health.


Message History

Found 6 stones.
There is an open door here.
You see here 6 stones.
The river rat attacks as you move away! The river rat bites you.
There is an open door here.
You hit the river rat.
You bite the river rat, but do no damage.
The river rat is moderately wounded.
The river rat bites you.
You hit the river rat but do no damage. Your bite misses the river rat.
The river rat is moderately wounded.
You hit the river rat.
You bite the river rat, but do no damage.
The river rat is heavily wounded.
The river rat bites you.
You hit the river rat but do no damage. Your bite misses the river rat.
The river rat is heavily wounded.
The river rat bites you.
* * * LOW HITPOINT WARNING * * *
You barely miss the river rat.
You bite the river rat, but do no damage.
The river rat is heavily wounded.
The river rat closely misses you.
Unknown command.
You hit the river rat but do no damage.
The river rat is heavily wounded.
The river rat closely misses you.
You barely miss the river rat. Your bite misses the river rat.
The river rat is heavily wounded.
The river rat closely misses you.
You hit the river rat but do no damage.
The river rat is heavily wounded.
The river rat barely misses you.
You hit the river rat but do no damage.
The river rat is heavily wounded.
The river rat bites you but does no damage.
You hit the river rat. Your bite misses the river rat.
The river rat is almost dead.
The river rat bites you.
You die...

############
#<..P#.....#
#.P.@rr(...+
#PPPP#.....#
############


You could see a river rat and a rat.

Vanquished Creatures (others)
  A fungus (D)
1 creature vanquished.

Notes
Turn   | Place    | Note
-------+----------+-------------------------------------------
     0 | D        | rocky1 the Vine Stalker Brigand began the quest for the
                  | Orb.
     0 | D        | Reached XP level 1. HP: 11/11 MP: 2/2
    21 | D        | Slain by a river rat

Illustrated notes

Levels and vault maps discovered:
D:        dungeon_sprint_fedhas [sprint_temple]

Action                     || total
---------------------------++-------
  Melee: Dagger            ||    11
         Bite              ||     4
 Armour: Robe              ||     1
  Dodge: Dodged            ||     4

Table legend: (Time is in decaauts)
 A = Elapsed time spent in this place.
 B = Non-inter-level travel time spent in this place.
 C = Inter-level travel time spent in this place.
 D = Time resting spent in this place.
 E = Time spent auto-exploring this place.
 F = Levels seen in this place.
 G = Mean time per level.
                   A        B        C        D        E       F      G
               +--------+--------+--------+--------+--------+-----+--------+
         Total |     20 |     20 |      0 |      0 |      0 |   1 |   20.0 |
       Dungeon |     20 |     20 |      0 |      0 |      0 |   1 |   20.0 |
               +--------+--------+--------+--------+--------+-----+--------+

Top non-repeatable levels by time:
       D: 20 daAuts
